[Event "Titled Tuesday Blitz September 20 Late 2022"]
[White "Kamsky, Gata"]
[Black "Andreikin, Dmitry"]
[WhiteFideId "2000024"]
[BlackFideId "4158814"]
[WhiteElo "2666"]
[BlackElo "2736"]
[Result "0-1"]
[Round "10"]
[TimeControl "180+1"]
[Date "2022.09.20"]
[WhiteClock "0:00:02"]
[BlackClock "0:00:39"]

1. d4 Nf6 2. Bf4 g6 3. c3 Bg7 4. Nd2 O-O 5. Ngf3 d6 6. e4 Nc6 7. Be2 Nh5 8. Be3 e5 9. dxe5 dxe5 10. O-O Nf4 11. Bxf4 exf4 12. Bb5 Be6 13. Re1 Ne5 14. Nxe5 Bxe5 15. Bc4 Bg4 16. Be2 Be6 17. Bc4 Bg4 18. Be2 Bc8 19. Nf3 Bg7 20. Qxd8 Rxd8 21. Bc4 h6 22. h3 b5 23. Bd5 Rb8 24. a3 Rb6 25. Rad1 Rbd6 26. Bb3 Rxd1 27. Rxd1 Rxd1+ 28. Bxd1 c5 29. Be2 Bd7 30. Ne1 c4 31. Bg4 Bc6 32. Bf3 Kf8 33. Nc2 Ke7 34. Nd4 Bd7 35. Bg4 Bxg4 36. hxg4 Bxd4 37. cxd4 a5 38. Kf1 b4 39. axb4 c3 40. bxc3 a4 0-1


[Site "https://www.chess.com"]

[Event "Titled Tuesday Blitz September 20 Late 2022"]
[White "Koellner, Ruben Gideon"]
[Black "Tristan, Leonardo"]
[WhiteFideId "12993093"]
[BlackFideId "113816"]
[WhiteElo "2286"]
[BlackElo "2404"]
[Result "0-1"]
[Round "10"]
[TimeControl "180+1"]
[Date "2022.09.20"]
[WhiteClock "0:00:03"]
[BlackClock "0:00:22"]

1. d4 d5 2. Nf3 Nf6 3. Nbd2 Bf5 4. e3 e6 5. Ne5 Nbd7 6. g4 Be4 7. f3 Nxe5 8. dxe5 Nxg4 9. Nxe4 Nxe5 10. Ng3 h5 11. f4 h4 12. Ne2 Nc4 13. Nc3 h3 14. Bxc4 Qh4+ 15. Kf1 dxc4 16. Bd2 O-O-O 17. Qe2 Bc5 18. Ne4 Bb6 19. Rg1 Qh7 20. Qxc4 Rxd2 21. Nxd2 Bxe3 22. Ke2 Bxg1 23. Rxg1 Rd8 24. Nf3 Rd5 25. Rd1 b5 26. Qc3 Qe4+ 0-1


[Site "https://www.chess.com"]

[Event "Titled Tuesday Blitz September 20 Late 2022"]
[White "Lewtak, Damian"]
[Black "Iliaguev, Nisim"]
[WhiteFideId "1141724"]
[BlackFideId "2817276"]
[WhiteElo "2329"]
[BlackElo "2107"]
[Result "1-0"]
[Round "10"]
[TimeControl "180+1"]
[Date "2022.09.20"]
[WhiteClock "0:00:38"]
[BlackClock "0:00:18"]

1. d4 Nf6 2. Nf3 e6 3. c4 c5 4. d5 exd5 5. cxd5 d6 6. Nc3 Be7 7. e4 O-O 8. a4 Bg4 9. h3 Bxf3 10. Qxf3 Re8 11. Bd3 Nbd7 12. Bc2 Bf8 13. O-O g6 14. Qg3 a6 15. Re1 Bg7 16. f4 Qc7 17. Qf3 Rab8 18. a5 c4 19. Be3 Nc5 20. e5 dxe5 21. fxe5 Rxe5 22. Bf4 Nfd7 23. Bxe5 Nxe5 24. Qg3 Rd8 25. Rad1 Qd6 26. Ne4 Nxe4 27. Rxe4 h5 28. Kh1 Rc8 29. Rde1 f6 30. Rxe5 fxe5 31. Bxg6 Qxd5 32. Qg5 Qxa5 33. Rd1 Rf8 34. Qxh5 Rf6 35. Rd7 Qb6 36. Qh7+ Kf8 37. Qxg7# 1-0


[Site "https://www.chess.com"]

[Event "Titled Tuesday Blitz September 20 Late 2022"]
[White "Lin, Dachey"]
[Black "Melikyan, Gnel"]
[WhiteFideId "2029650"]
[BlackFideId "54109990"]
[WhiteElo "2313"]
[BlackElo "1772"]
[Result "1-0"]
[Round "10"]
[TimeControl "180+1"]
[Date "2022.09.20"]
[WhiteClock "0:00:18"]
[BlackClock "0:00:28"]

1. g4 d5 2. g5 Bf5 3. Bg2 c6 4. d3 e6 5. Nc3 h6 6. h4 hxg5 7. hxg5 Rxh1 8. Bxh1 Nd7 9. e4 dxe4 10. dxe4 Bg6 11. Be3 Bc5 12. Qd2 Bxe3 13. Qxe3 Qb6 14. Qxb6 Nxb6 15. O-O-O Rd8 16. Rxd8+ Kxd8 17. f4 f6 18. Nf3 Ne7 19. Bg2 Nc4 20. Bh3 Nd6 21. Nd4 Nxe4 22. Nxe4 Bxe4 23. Nxe6+ Ke8 24. Nxg7+ Kf7 25. Ne6 b6 26. Kd2 Bd5 27. gxf6 Kxf6 28. Nd4 Ng6 29. Ke3 Bxa2 30. Nxc6 Bb1 31. c3 a5 32. Nb8 Bf5 33. Nd7+ Ke6 34. Bxf5+ Kxf5 35. Nxb6 Nxf4 36. Nc4 a4 37. Nb6 a3 38. bxa3 Ke5 39. Nd7+ Kf5 40. a4 Nd5+ 41. Kd4 Nc7 42. Nc5 Kf6 43. a5 Ke7 44. Nb7 Kd7 45. Kc5 Kc8 46. Kc6 Kb8 47. Nc5 Ne8 48. c4 Ka7 49. Nb3 Ka6 50. c5 Nf6 51. Kd6 Ne4+ 52. Kd5 Nf6+ 53. Ke6 Ne8 54. c6 Kb5 55. Kd7 Nf6+ 56. Kc7 Ne8+ 57. Kd8 Nd6 58. c7 Kc6 59. c8=Q+ Nxc8 60. Kxc8 Kb5 61. Kb7 1-0


[Site "https://www.chess.com"]

[Event "Titled Tuesday Blitz September 20 Late 2022"]
[White "Maksimovic, Bojan"]
[Black "Maze, Sebastien"]
[WhiteFideId "14408120"]
[BlackFideId "613762"]
[WhiteElo "2447"]
[BlackElo "2430"]
[Result "1-0"]
[Round "10"]
[TimeControl "180+1"]
[Date "2022.09.20"]
[WhiteClock "0:01:27"]
[BlackClock "0:00:14"]

1. e4 c5 2. Nf3 Nc6 3. Bb5 e6 4. O-O Nge7 5. Re1 a6 6. Bf1 d5 7. exd5 Nxd5 8. d4 Be7 9. c4 Nf6 10. Be3 O-O 11. h3 cxd4 12. Nxd4 Nxd4 13. Bxd4 Bd7 14. Nc3 Bc6 15. a3 a5 16. b3 Nd7 17. Qc2 Qc7 18. Qb2 Bf6 19. Bxf6 Nxf6 20. b4 b6 21. Rad1 Rfd8 22. Qb1 g6 23. Qb2 Qf4 24. Ne2 Qg5 25. f4 Qf5 26. Nd4 Rxd4 27. Qxd4 axb4 28. axb4 Ra2 29. Qe5 Qc2 30. Qxf6 Qf2+ 31. Kh2 Qxg2+ 32. Bxg2 Rxg2+ 33. Kh1 Rd2+ 34. Kg1 Rg2+ 35. Kf1 1-0


[Site "https://www.chess.com"]

[Event "Titled Tuesday Blitz September 20 Late 2022"]
[White "Martinez Alcantara, Jose Eduardo"]
[Black "Pakleza, Zbigniew"]
[WhiteFideId "3805662"]
[BlackFideId "1119290"]
[WhiteElo "2703"]
[BlackElo "2411"]
[Result "0-1"]
[Round "10"]
[TimeControl "180+1"]
[Date "2022.09.20"]
[WhiteClock "0:01:15"]
[BlackClock "0:00:21"]

1. e4 d6 2. d4 Nf6 3. Nc3 c6 4. f3 Qb6 5. Bc4 e6 6. Nge2 d5 7. Bb3 Be7 8. O-O O-O 9. Kh1 Qd8 10. Be3 b5 11. a4 b4 12. Nb1 a5 13. Nd2 Ba6 14. c4 bxc3 15. bxc3 Nbd7 16. Re1 Rb8 17. Nf4 Qc7 18. e5 Ne8 19. Rc1 Nb6 20. c4 dxc4 21. Nxc4 Bxc4 22. Bxc4 Nxc4 23. Rxc4 Qd7 24. Qc2 Rc8 25. Rc1 Bg5 26. Rxc6 Bxf4 27. Rxc8 Bxe3 28. Rd1 g6 29. Rc3 Bg5 30. Rc5 Ng7 31. g4 h5 32. h3 Qb7 33. Qe4 Qb3 34. Rg1 hxg4 35. hxg4 Qxa4 36. Qd3 Rd8 37. Rc4 Qb5 38. Rd1 a4 39. Qc3 Be7 40. Rc7 Kf8 41. Qe3 a3 42. Qh6 Kg8 43. Rxe7 Qe2 44. Rc1 Qxf3+ 45. Kh2 Qf2+ 46. Kh1 Qf3+ 47. Kg1 Qxg4+ 48. Kf1 Nf5 49. Rd7 Nxh6 50. Rxd8+ Kg7 51. Rcc8 Nf5 52. Rb8 Kh6 53. Rh8+ Kg5 54. Rb3 a2 55. Ra3 Qf4+ 56. Kg2 Qd2+ 57. Kh3 a1=Q 58. Rxa1 Qd3+ 59. Kh2 Qc2+ 60. Kh1 Qe4+ 61. Kh2 Qe2+ 62. Kh1 Nxd4 63. Rg1+ Kf5 64. Rh2 Qe4+ 65. Rhg2 g5 66. Kh2 Nf3+ 67. Kg3 Nxg1 68. Rf2+ Qf4+ 69. Kg2 Qxf2+ 70. Kh1 Qd4 71. Kg2 Qd8 72. Kh1 Kxe5 73. Kg2 Kf6 74. Kh1 Nf3 75. Kg2 Ne5 76. Kh1 Nd7 77. Kg2 Ke5 78. Kh1 f6 79. Kg2 f5 80. Kh1 Kd6 81. Kg2 e5 82. Kh1 e4 83. Kg2 Kd5 84. Kh1 Kc4 85. Kg2 Kc3 86. Kh1 Kc2 87. Kg2 Kd3 88. Kh2 e3 89. Kg2 Kd2 90. Kh1 e2 91. Kg2 Qe8 92. Kh3 Qe3+ 93. Kh2 Qf4+ 94. Kg2 Qg4+ 95. Kh2 Ne5 96. Kh1 e1=Q+ 0-1


[Site "https://www.chess.com"]

[Event "Titled Tuesday Blitz September 20 Late 2022"]
[White "Melkumyan, Hrant"]
[Black "Panarin, Mikhail"]
[WhiteFideId "13302485"]
[BlackFideId "4153251"]
[WhiteElo "2604"]
[BlackElo "2495"]
[Result "1-0"]
[Round "10"]
[TimeControl "180+1"]
[Date "2022.09.20"]
[WhiteClock "0:00:19"]
[BlackClock "0:00:03"]

1. Nf3 c5 2. c4 Nc6 3. Nc3 g6 4. e3 Nf6 5. d4 cxd4 6. exd4 d5 7. cxd5 Nxd5 8. Qb3 Nxc3 9. Bc4 e6 10. bxc3 Bd7 11. Be2 Na5 12. Qb2 Bc6 13. O-O Bg7 14. Qb4 Bf8 15. Qb2 Bg7 16. Qb4 Bf8 17. Qb1 Bg7 18. Ba3 Bf8 19. Qb2 Bxa3 20. Qxa3 b6 21. Ne5 Qe7 22. Qb4 Rc8 23. Rac1 Kf8 24. Rfe1 Be8 25. Qb2 h5 26. Bf1 Qf6 27. Re3 Nc6 28. Rf3 Qg5 29. h4 Qh6 30. Re1 Nxe5 31. Rxe5 Kg8 32. Qa3 Rc7 33. Qd6 Rd7 34. Qb8 Re7 35. Qd8 Qf8 36. Bd3 Bc6 37. Qxf8+ Kxf8 38. Rg3 Kg7 39. Bc2 Rc7 40. Bb3 Rd8 41. Rxh5 Be4 42. Re5 Bf5 43. h5 Kf6 44. hxg6 Bxg6 45. Ree3 Rdc8 46. Rgf3+ Kg7 47. Rg3 b5 48. Bc2 Rc6 49. Bxg6 fxg6 50. Kf1 a6 51. Ke1 Kf7 52. Kd2 Rc4 53. Rgf3+ Kg7 54. Rxe6 Ra4 55. Rff6 Rxa2+ 56. Kd3 Ra3 57. Rxg6+ Kf7 58. Ref6+ Ke7 59. Rc6 1-0


[Site "https://www.chess.com"]

[Event "Titled Tuesday Blitz September 20 Late 2022"]
[White "Moral Garcia, Serafin"]
[Black "Leitao, Rafael"]
[WhiteFideId "2201925"]
[BlackFideId "2101246"]
[WhiteElo "2259"]
[BlackElo "2609"]
[Result "1/2-1/2"]
[Round "10"]
[TimeControl "180+1"]
[Date "2022.09.20"]
[WhiteClock "0:00:04"]
[BlackClock "0:00:09"]

1. Nf3 Nf6 2. b3 g6 3. Bb2 Bg7 4. c4 O-O 5. e3 c5 6. Be2 b6 7. O-O Bb7 8. Nc3 Nc6 9. d4 cxd4 10. Nxd4 Rc8 11. Bf3 Qc7 12. Rc1 Nxd4 13. Bxb7 Qxb7 14. Qxd4 Rfd8 15. Rfd1 d6 16. Nd5 Rd7 17. Rc2 b5 18. Rdc1 bxc4 19. bxc4 Ne8 20. Qd2 Bxb2 21. Rxb2 Qc6 22. Qd4 e6 23. Nf6+ Nxf6 24. Qxf6 Qa6 25. h4 h5 26. Rd2 Rxc4 27. Rxc4 Qxc4 28. Rb2 Qc7 29. g3 d5 30. Qd4 e5 31. Qb4 Kg7 32. Qb8 Qxb8 33. Rxb8 d4 34. exd4 Rxd4 35. Rb5 Ra4 36. Rxe5 Rxa2 37. Re7 Kf6 38. Rb7 a5 39. Ra7 a4 40. Kg2 a3 41. Kf3 Ra1 42. Ke3 Ke6 43. f3 Kd5 44. Kf4 f6 45. Ra6 Kc4 46. Rxf6 Rc1 47. Ra6 Kb3 48. Kg5 a2 49. Kxg6 Rg1 50. Kxh5 Rxg3 51. Kh6 Rxf3 52. Rxa2 Kxa2 53. h5 Kb3 54. Kg7 Rg3+ 55. Kh7 Kc4 56. h6 Kd5 57. Kh8 Ke6 58. h7 Ra3 59. Kg7 Ra7+ 60. Kg8 Ra8+ 61. Kg7 Ra7+ 62. Kg8 Rxh7 63. Kxh7 1/2-1/2


[Site "https://www.chess.com"]

[Event "Titled Tuesday Blitz September 20 Late 2022"]
[White "Muradli, Mahammad"]
[Black "Vasquez Schroeder, Rodrigo"]
[WhiteFideId "13409301"]
[BlackFideId "3400042"]
[WhiteElo "2611"]
[BlackElo "2577"]
[Result "1-0"]
[Round "10"]
[TimeControl "180+1"]
[Date "2022.09.20"]
[WhiteClock "0:00:05"]
[BlackClock "0:00:14"]

1. c4 c5 2. Nf3 Nf6 3. Nc3 e6 4. g3 b6 5. Bg2 Bb7 6. O-O a6 7. Re1 d6 8. e4 Be7 9. d4 cxd4 10. Nxd4 Qc7 11. b3 O-O 12. Bb2 Nbd7 13. Rc1 Rac8 14. h3 Rfe8 15. Qd2 Bf8 16. g4 h6 17. Kh1 Qb8 18. f4 Qa8 19. Rcd1 Red8 20. Qe2 Nc5 21. h4 d5 22. cxd5 exd5 23. e5 Nfe4 24. Nxe4 dxe4 25. Nf5 Nd3 26. Rf1 Bc5 27. e6 e3 28. exf7+ Kxf7 29. Bxb7 Qxb7+ 30. Kh2 Nf2 31. Qc4+ Kg6 32. Qe6+ Kh7 33. Rxd8 Rxd8 34. Bxg7 Nxg4+ 35. Kg3 e2 36. Qxe2 Ne3 37. Nxe3 Qxg7+ 38. Kh3 Re8 39. Qd3+ Kh8 40. Nf5 Qg6 41. Rf3 Re1 42. Ng3 Qe6+ 43. f5 Qf7 44. Qd2 Re8 45. Qxh6+ Kg8 46. Qg6+ Kf8 47. h5 Re7 48. h6 Qg8 49. Nh5 Qd5 50. Qf6+ Rf7 51. Qh8+ Ke7 52. Rg3 Qxf5+ 53. Kh4 Bf2 54. Qg8 Qe4+ 55. Kh3 Bxg3 56. Qxg3 Qf5+ 57. Kh4 Qe6 58. Qg5+ Kd6 59. Nf4 Qe1+ 60. Kh5 Qh1+ 61. Kg6 Re7 62. Qf6+ Kd7 63. Qf5+ Kd8 64. Ne6+ Kd7 65. Ng5+ Kd8 66. h7 Re8 67. Qf6+ Kd7 68. Qf5+ Kc7 69. Qf7+ Kd8 70. Ne6+ Rxe6+ 71. Qxe6 Qg2+ 72. Kf7 Qh2 73. Qf6+ Kd7 74. h8=Q Qe2 75. Qhd8# 1-0


[Site "https://www.chess.com"]

[Event "Titled Tuesday Blitz September 20 Late 2022"]
[White "Naroditsky, Daniel"]
[Black "Donchenko, Alexander"]
[WhiteFideId "2026961"]
[BlackFideId "24603295"]
[WhiteElo "3115"]
[BlackElo "2888"]
[Result "1-0"]
[Round "10"]
[TimeControl "180+1"]
[Date "2022.09.20"]
[WhiteClock "0:02:47"]
[BlackClock "0:02:09"]

1. e4 c6 2. d4 d5 3. f3 e6 4. Nc3 Bb4 5. Bd3 Ne7 6. Ne2 Nd7 7. O-O b6 8. Bg5 h6 9. Bh4 Qc7 10. f4 dxe4 11. Nxe4 Nf5 12. Bf2 Be7 13. c3 Bb7 14. N2g3 Nxg3 15. Bxg3 f5 16. Qh5+ Kf8 17. Ng5 Bxg5 18. fxg5 Qd8 19. Rxf5+ exf5 20. Bd6+ Kg8 21. Bc4+ Kh7 22. g6# 1-0


[Site "https://www.chess.com"]

[Event "Titled Tuesday Blitz September 20 Late 2022"]
[White "Perske, Thore"]
[Black "Makaraci, Tunahan"]
[WhiteFideId "12902195"]
[BlackFideId "6356559"]
[WhiteElo "2315"]
[BlackElo "2003"]
[Result "0-1"]
[Round "10"]
[TimeControl "180+1"]
[Date "2022.09.20"]
[WhiteClock "0:00:40"]
[BlackClock "0:01:13"]

1. e4 Nf6 2. Nc3 d5 3. e5 Nfd7 4. d4 c5 5. Nxd5 cxd4 6. Qxd4 Nb6 7. Bb5+ Nc6 8. c4 e6 9. Nf3 exd5 10. cxd5 Qxd5 11. Qxd5 Nxd5 12. O-O Bd7 13. Rd1 Nb6 14. Be3 Be7 15. a4 Rd8 16. a5 Nc8 17. a6 bxa6 18. Rxa6 Nb8 19. Bxd7+ Rxd7 20. Rxd7 Nxd7 21. Bxa7 O-O 22. Bd4 Bc5 23. Bc3 Bb6 24. h4 Ne7 25. h5 h6 26. Bb4 Re8 27. Bd6 Nf5 28. Kf1 Nxd6 29. exd6 Re6 30. Ra8+ Kh7 0-1


[Site "https://www.chess.com"]

[Event "Titled Tuesday Blitz September 20 Late 2022"]
[White "Preotu, Razvan"]
[Black "Graif, William"]
[WhiteFideId "2613280"]
[BlackFideId "2609835"]
[WhiteElo "2407"]
[BlackElo "1942"]
[Result "0-1"]
[Round "10"]
[TimeControl "180+1"]
[Date "2022.09.20"]
[WhiteClock "0:00:03"]
[BlackClock "0:00:09"]

1. e4 e5 2. Nf3 Bc5 3. Bc4 Nf6 4. d3 Nc6 5. c3 d6 6. O-O a6 7. a4 Ba7 8. Re1 O-O 9. h3 Ne7 10. d4 Ng6 11. Bd3 Re8 12. Bc2 c6 13. a5 d5 14. Nxe5 Nxe4 15. Nxg6 hxg6 16. Bf4 Bf5 17. Nd2 Bb8 18. Bxb8 Qxb8 19. Nxe4 Bxe4 20. Bxe4 Rxe4 21. Rxe4 dxe4 22. Qb3 Qc7 23. Qb4 Re8 24. Re1 f5 25. Qc5 Qe7 26. b4 Qxc5 27. bxc5 Kf7 28. h4 Ke6 29. Rb1 Re7 30. Kh2 Kd5 31. Rb4 f4 32. Kg1 e3 33. fxe3 fxe3 34. Kf1 Ke4 35. Ke2 Rf7 36. d5+ Kxd5 37. Kxe3 Kxc5 38. g4 Kd5 39. Rd4+ Ke6 40. Rb4 c5 41. Rb6+ Kd5 42. c4+ Kxc4 43. Rxg6 Kb4 44. h5 c4 45. g5 c3 46. Rb6+ Ka3 47. Kd3 Rc7 48. Kc2 Rc5 49. h6 Rxg5 50. hxg7 Rxg7 51. Kxc3 Rc7+ 52. Kd4 Ka4 53. Rb1 Kxa5 54. Kd5 b5 0-1


[Site "https://www.chess.com"]

[Event "Titled Tuesday Blitz September 20 Late 2022"]
[White "Rasulov, Vugar"]
[Black "Jobava, Baadur"]
[WhiteFideId "13402390"]
[BlackFideId "13601520"]
[WhiteElo "2509"]
[BlackElo "2582"]
[Result "1-0"]
[Round "10"]
[TimeControl "180+1"]
[Date "2022.09.20"]
[WhiteClock "0:00:06"]
[BlackClock "0:00:01"]

1. d4 d5 2. c4 dxc4 3. e3 e5 4. Bxc4 exd4 5. Qb3 Qe7 6. Nf3 Qb4+ 7. Nbd2 Qxb3 8. Nxb3 Bb4+ 9. Ke2 dxe3 10. Bxe3 Nf6 11. Bf4 O-O 12. Rhd1 c6 13. a3 Be7 14. Bd6 Bxd6 15. Rxd6 Bg4 16. Nc5 b6 17. Nd3 Re8+ 18. Kf1 Ne4 19. Rd4 Bxf3 20. gxf3 Nd2+ 21. Kg2 c5 22. Bd5 cxd4 23. Bxa8 Nb3 24. Rd1 Kf8 25. Bd5 Nc5 26. Nf4 g5 27. Nh5 Rd8 28. Rxd4 Nc6 29. Rd1 Ne5 30. b4 Ne6 31. Kg3 Ke7 32. Bb3 Nd4 33. Re1 f6 34. Bd1 Nf5+ 35. Kg2 Nh4+ 36. Kf1 Ng6 37. Bc2 Rd2 38. Be4 Ra2 39. Rc1 Kd6 40. Nxf6 Nf4 41. Nxh7 g4 42. Ng5 Rxa3 43. Rd1+ Ke7 44. fxg4 Nxg4 45. h3 Nxh3 46. Nxh3 Rxh3 47. Kg2 Rb3 48. Ra1 Rxb4 49. Rxa7+ Kf6 50. Bf3 Ne5 51. Bd5 b5 52. Kg3 Kf5 53. Ra8 Rd4 54. Rf8+ Kg6 55. Bg2 b4 56. f4 Rd3+ 57. Kh4 Nf3+ 58. Kg4 Nd2 59. f5+ Kg7 60. Rb8 b3 61. Rb7+ Kf6 62. Rb6+ Ke5 63. f6 Nc4 64. f7 Ne3+ 65. Kg5 Rd8 66. Bh3 Rf8 67. Kg6 Nd5 68. Rb5 Kd6 69. Kg7 Rxf7+ 70. Kxf7 1-0


[Site "https://www.chess.com"]

[Event "Titled Tuesday Blitz September 20 Late 2022"]
[White "Rego, Pedro Filipe"]
[Black "Gurevich, Dmitry"]
[WhiteFideId "1904310"]
[BlackFideId "2000407"]
[WhiteElo "2125"]
[BlackElo "2506"]
[Result "0-1"]
[Round "10"]
[TimeControl "180+1"]
[Date "2022.09.20"]
[WhiteClock "0:00:03"]
[BlackClock "0:00:31"]

1. e4 c5 2. Nf3 d6 3. d4 cxd4 4. Nxd4 Nf6 5. Nc3 Nc6 6. Bg5 e6 7. Qd3 Be7 8. O-O-O O-O 9. Ndb5 Qa5 10. h4 Rd8 11. Nd4 Nxd4 12. Qxd4 Bd7 13. Bc4 Bc6 14. Bb3 b5 15. Rhe1 Qc7 16. Qd3 Qb7 17. f3 a5 18. a4 bxa4 19. Nxa4 h6 20. Bf4 Qb4 21. Bd2 Qb7 22. Bc3 d5 23. e5 Nd7 24. Bd4 Bb5 25. Qe3 Qc6 26. Nc3 a4 27. Ba2 Bc4 28. Kb1 Rdb8 29. Ka1 Rb7 30. Rb1 Rab8 31. Bxc4 Qxc4 32. Na2 Nc5 33. Qc3 Qb5 0-1


[Site "https://www.chess.com"]

[Event "Titled Tuesday Blitz September 20 Late 2022"]
[White "Rosen, Eric"]
[Black "Hirneise, Jens"]
[WhiteFideId "2032562"]
[BlackFideId "24614734"]
[WhiteElo "2362"]
[BlackElo "2344"]
[Result "0-1"]
[Round "10"]
[TimeControl "180+1"]
[Date "2022.09.20"]
[WhiteClock "0:00:01"]
[BlackClock "0:00:10"]

1. d4 d5 2. Bf4 Nf6 3. e3 a6 4. Nf3 g6 5. h4 h5 6. Ne5 Bg7 7. c4 c6 8. Nc3 Nbd7 9. Qb3 e6 10. Qa3 Bf8 11. Qb3 Be7 12. Be2 Qa5 13. O-O O-O 14. a3 Nxe5 15. Bxe5 Nd7 16. Bg3 Qd8 17. e4 Bxh4 18. Bd6 Be7 19. Bf4 dxe4 20. Nxe4 Nf6 21. Qe3 Nxe4 22. Qxe4 Bf6 23. Rad1 Qe7 24. c5 Rd8 25. b4 Qf8 26. Bc4 Qg7 27. Bd6 Bd7 28. Rfe1 Re8 29. Re2 h4 30. Rde1 Qh6 31. Rd1 Qg5 32. a4 Qf5 33. Qe3 Bg5 34. Qc3 Bf4 35. Qf3 Bxd6 36. cxd6 Qxf3 37. gxf3 Kg7 38. Kg2 Rad8 39. Rb2 Bc8 40. b5 axb5 41. axb5 cxb5 42. Bxb5 Rh8 43. Rc1 Rxd6 44. Rbc2 Bd7 45. Bd3 Rxd4 46. Be4 b5 47. Rc7 h3+ 48. Kh2 b4 49. Ra7 Kf6 50. Rcc7 Rd8 51. Bc2 Ke5 0-1


[Site "https://www.chess.com"]

[Event "Titled Tuesday Blitz September 20 Late 2022"]
[White "Rustemov, Alexander"]
[Black "Munoz Sanchez, Miguel"]
[WhiteFideId "4119002"]
[BlackFideId "3600734"]
[WhiteElo "2835"]
[BlackElo "2166"]
[Result "1/2-1/2"]
[Round "10"]
[TimeControl "180+1"]
[Date "2022.09.20"]
[WhiteClock "0:00:04"]
[BlackClock "0:00:03"]

1. d4 Nf6 2. c4 g6 3. Nf3 Bg7 4. g3 O-O 5. Bg2 c5 6. O-O cxd4 7. Nxd4 Nc6 8. Nc3 Nxd4 9. Qxd4 d6 10. Qd3 a6 11. Rd1 Qc7 12. Be3 Be6 13. b3 Nd7 14. Rac1 Rab8 15. Ba7 Rbc8 16. Bd4 Nc5 17. Qd2 Rfe8 18. Bxg7 Kxg7 19. h4 h6 20. Qd4+ Kh7 21. Kh2 Nd7 22. h5 b6 23. hxg6+ fxg6 24. Qe3 Bf7 25. Nd5 Qc5 26. Qxc5 bxc5 27. Bh3 Rcd8 28. Nc7 Rf8 29. Nxa6 Ne5 30. Nc7 Bxc4 31. bxc4 Rxf2+ 32. Kh1 Rxe2 33. Ne6 Ra8 34. Ra1 Ra3 35. Rg1 Nf3 36. Rg2 Raxa2 37. Rxe2 Rxe2 38. Bg2 Ne5 39. Nf4 Re3 40. Bd5 Rxg3 41. Ra7 h5 42. Rxe7+ Kh6 43. Re6 Kg5 44. Ne2 Re3 45. Ng1 Re1 46. Rxd6 h4 47. Kg2 Rc1 48. Nf3+ Nxf3 49. Kxf3 h3 50. Kg3 Rc3+ 51. Kh2 Kf5 52. Rd8 g5 53. Rf8+ Ke5 54. Rg8 Kf4 55. Be6 Ke5 56. Re8 Kf4 57. Rf8+ Ke5 58. Bd5 g4 59. Rg8 Kf4 60. Rf8+ Kg5 61. Be6 Rc2+ 62. Kg3 Rc3+ 63. Kf2 Rc2+ 64. Ke3 h2 65. Bd5 Rxc4 66. Rh8 Rd4 67. Be4 g3 68. Rg8+ Kh4 69. Rh8+ Kg4 70. Rg8+ Kh3 71. Rh8+ Kg4 72. Rg8+ Kh4 73. Rh8+ Kg4 1/2-1/2


[Site "https://www.chess.com"]

[Event "Titled Tuesday Blitz September 20 Late 2022"]
[White "Safarli, Eltaj"]
[Black "Paravyan, David"]
[WhiteFideId "13402129"]
[BlackFideId "4194985"]
[WhiteElo "2911"]
[BlackElo "2923"]
[Result "1-0"]
[Round "10"]
[TimeControl "180+1"]
[Date "2022.09.20"]
[WhiteClock "0:01:44"]
[BlackClock "0:01:58"]

1. e4 c6 2. Nf3 d5 3. d3 e6 4. Nbd2 Bd6 5. g3 Ne7 6. Bg2 O-O 7. O-O Nd7 8. Re1 a5 9. Qe2 a4 10. a3 b6 11. e5 Bc7 12. Nf1 c5 13. h4 Ng6 14. Bf4 Nxf4 15. gxf4 f6 16. Bh3 fxe5 17. Bxe6+ Kh8 18. Bxd5 Ra7 19. fxe5 Nxe5 20. Nxe5 Qxd5 21. Qh5 Bxe5 22. Rxe5 Qd4 23. Ne3 Qf4 24. Rf1 Raf7 25. Ng2 Qd4 26. Qxf7 Qd8 27. Qe7 1-0


[Site "https://www.chess.com"]

[Event "Titled Tuesday Blitz September 20 Late 2022"]
[White "Sernecki, Franciszek"]
[Black "Le Hetet, Nicolas"]
[WhiteFideId "1169297"]
[BlackFideId "634824"]
[WhiteElo "2168"]
[BlackElo "2364"]
[Result "1-0"]
[Round "10"]
[TimeControl "180+1"]
[Date "2022.09.20"]
[WhiteClock "0:02:44"]
[BlackClock "0:02:10"]

1. c4 c6 2. Nc3 d5 3. cxd5 cxd5 4. d4 Nf6 5. Bg5 Nc6 6. Bxf6 gxf6 7. Nf3 Bg7 8. e3 e6 9. Bb5 f5 10. O-O O-O 11. Rc1 Bd7 12. Na4 Rc8 13. Nc5 b6 14. Nxd7 Qxd7 15. Qa4 Qd6 16. Bxc6 1-0


[Site "https://www.chess.com"]

[Event "Titled Tuesday Blitz September 20 Late 2022"]
[White "Shandrygin, Nikita"]
[Black "Estrada Nieto, Julian"]
[WhiteFideId "24198668"]
[BlackFideId "5101018"]
[WhiteElo "2323"]
[BlackElo "2252"]
[Result "1/2-1/2"]
[Round "10"]
[TimeControl "180+1"]
[Date "2022.09.20"]
[WhiteClock "0:00:13"]
[BlackClock "0:00:08"]

1. e4 e5 2. Nf3 Nc6 3. Bb5 a6 4. Ba4 Nf6 5. Qe2 Be7 6. O-O b5 7. Bb3 O-O 8. c3 d5 9. d3 Re8 10. Rd1 h6 11. Nbd2 Bb7 12. Nf1 Na5 13. Bc2 Bf8 14. Ng3 c5 15. h3 Qc8 16. Nf5 c4 17. Ng3 Qc6 18. exd5 Nxd5 19. dxc4 Nxc4 20. Be4 Rad8 21. Nf5 Qe6 22. Qc2 Rd7 23. Re1 Qf6 24. Ng3 Ndb6 25. Bxb7 Rxb7 26. b3 Nd6 27. Bb2 Rc7 28. c4 bxc4 29. Bxe5 Qd8 30. Rad1 cxb3 31. Qxb3 Nbc4 32. Bxd6 Rxe1+ 33. Nxe1 Nxd6 34. Nf3 Qc8 35. Ne5 Rc3 36. Qd5 Rc1 37. Rxc1 Qxc1+ 38. Kh2 Qf4 39. Nf3 h5 40. Qxh5 Ne4 41. Qg4 Qxg4 42. hxg4 Nxf2 43. g5 Bd6 44. Nd4 Ne4 45. Nf5 Be5 46. Kh3 Nxg3 47. Nxg3 Bxg3 48. Kxg3 Kh7 49. Kf4 Kg6 50. g4 a5 51. a4 f6 52. gxf6 gxf6 53. Kg3 Kg5 54. Kf3 f5 55. gxf5 Kxf5 56. Ke3 Ke5 57. Kd3 Kd5 58. Kc3 Kc5 59. Kb3 1/2-1/2


[Site "https://www.chess.com"]

[Event "Titled Tuesday Blitz September 20 Late 2022"]
[White "Shuvalov, Evgenij"]
[Black "Sokolovsky, Yahli"]
[WhiteFideId "4187237"]
[BlackFideId "2820242"]
[WhiteElo "2033"]
[BlackElo "1920"]
[Result "1-0"]
[Round "10"]
[TimeControl "180+1"]
[Date "2022.09.20"]
[WhiteClock "0:00:17"]
[BlackClock "0:00:11"]

1. d4 d6 2. c4 e5 3. Nf3 e4 4. Ng5 f5 5. Nc3 Be7 6. Nh3 Nf6 7. Bg5 c6 8. e3 O-O 9. Qb3 Kh8 10. Be2 Ng4 11. Bxe7 Qxe7 12. Nf4 g5 13. Nh5 Nh6 14. h4 gxh4 15. g3 hxg3 16. Nxg3 Nf7 17. O-O-O Ng5 18. Rh5 Be6 19. d5 Bg8 20. Rxg5 Qxg5 21. Qxb7 cxd5 22. Qxa8 dxc4 23. Rxd6 Nd7 24. Qxa7 Ne5 25. Qd4 Qg7 26. Nh5 Qe7 27. Rd7 Qe6 28. Rd6 Qe7 29. Kb1 Bf7 30. Rd7 Qe6 31. Rd6 Qe7 32. Nf4 Rg8 33. Re6 Bxe6 34. Qxe5+ Qg7 35. Qxg7+ Kxg7 36. Nxe6+ Kf6 37. Nf4 Ke5 38. Bxc4 Rg1+ 39. Kc2 Rh1 40. Be2 Rh2 41. Nd1 Rh6 42. a4 Rb6 43. Kc3 Rc6+ 44. Kd2 Rb6 45. a5 Rb4 46. a6 Kd6 47. Kc3 Rb8 48. b4 Kc6 49. b5+ Kb6 50. Nd5+ Ka7 51. b6+ Ka8 52. a7 1-0


[Site "https://www.chess.com"]

[Event "Titled Tuesday Blitz September 20 Late 2022"]
[White "Souleidis, Georgios"]
[Black "Tanenbaum, Zachary"]
[WhiteFideId "4206827"]
[BlackFideId "2060850"]
[WhiteElo "2401"]
[BlackElo "2175"]
[Result "0-1"]
[Round "10"]
[TimeControl "180+1"]
[Date "2022.09.20"]
[WhiteClock "0:00:06"]
[BlackClock "0:01:13"]

1. e4 e5 2. Nc3 Nc6 3. Bc4 Nf6 4. d3 Na5 5. Nge2 Bc5 6. O-O d6 7. Ng3 O-O 8. Kh1 Nxc4 9. dxc4 Ng4 10. Qf3 Be6 11. b3 Qh4 12. h3 Bd4 13. Bb2 Nf6 14. Na4 Bg4 15. Nf5 Bxf3 16. Nxh4 Bxb2 17. Nxb2 Bxe4 18. Rac1 g5 19. Nf3 Bxf3 20. gxf3 Kh8 21. Rfe1 Nh5 22. c5 Nf4 23. Kh2 Rad8 24. cxd6 Rxd6 25. Rxe5 Rh6 26. Rxg5 Nxh3 27. Re5 Rg8 0-1


[Site "https://www.chess.com"]